 Dungeon Crawl Stone Soup version 0.21-a0-221-gfe971b9 (webtiles) character file.

192 Blomdor the Chopper (level 5, 0/39 HPs)
             Began as a Barachi Artificer on Aug 27, 2017.
             Killed from afar by Ijyb (9 damage)
             ... with a wand of flame (?/48)
             ... on level 3 of the Dungeon.
             The game lasted 00:05:34 (2799 turns).

Blomdor the Chopper (Barachi Artificer)             Turns: 2799, Time: 00:05:34

Health: 0/39       AC:  3    Str: 15    XL:     5   Next: 71%
Magic:  7/7        EV: 12    Int: 11    God:
Gold:   112        SH:  0    Dex: 18    Spells: 4/4 levels left

rFire    . . .     SeeInvis .   o - +0 hand axe
rCold    . . .     Gourm    .   (no shield)
rNeg     . . .     Faith    .   b - +0 leather armour
rPois    .         Spirit   .   (no helmet)
rElec    +         Reflect  .   (no cloak)
rCorr    .         Harm     .   (no gloves)
MR       .....                  (no boots)
Stlth    ++........             (no amulet)
HPRegen  0.13/turn              n - +6 ring of dexterity
MPRegen  0.10/turn              (no ring)

@: slow
A: +LOS, swims, mutation resistance 1, electricity resistance, slowness 1,
strong legs 1
a: Hop


You were on level 3 of the Dungeon.
You were not hungry.

You visited 1 branch of the dungeon, and saw 3 of its levels.

You collected 112 gold pieces.

Inventory:

Hand Weapons
 o - a +0 hand axe (weapon)
Armour
 a - a +0 shield
 b - a +0 leather armour (worn)
Jewellery
 g - an uncursed ring of see invisible {unknown}
 n - a +6 ring of dexterity (left hand)
Wands
 c - a wand of flame (7/48)
 d - a wand of enslavement (13/24)
 e - a wand of random effects (15/48)
Scrolls
 h - a scroll of teleportation
 i - 3 scrolls of remove curse
 k - 2 scrolls of enchant weapon
Potions
 l - a potion of berserk rage
 q - a potion of curing
Comestibles
 f - 2 bread rations
 j - a royal jelly
 m - 3 meat rations


   Skills:
 + Level 2.4 Fighting
   Level 1.1 Short Blades
 * Level 4.6 Axes
 + Level 2.3 Armour
 - Level 2.1 Dodging
 - Level 0.8 Stealth
 + Level 0.7 Shields
 - Level 3.2 Evocations


You had 4 spell levels left.
You didn't know any spells.

Dungeon Overview and Level Annotations

Branches:
Dungeon (3/15)

Altars:

Annotations:
D:3 Ijyb


Innate Abilities, Weirdness & Mutations

Shadows flee at your approach. (+LOS)
You can swim through water.
You cover ground slowly.
You can hop short distances.
You are somewhat resistant to further mutation.
You are resistant to electric shocks. (rElec)


Message History

You closely miss Ijyb.
Ijyb is heavily wounded.
Ijyb zaps a wand.
The puff of flame hits you!
* * * LOW HITPOINT WARNING * * *
Ijyb hits you but does no damage.
Evoke which item? (* to show all) (? for menu, Esc to quit)
Aiming: Throw Flame
Press: ? - help, Shift-Dir - straight line, f/p - Ijyb
Aim: Ijyb, wielding an enchanted club, wearing a ring mail and carrying a wand of flame (?/48) {zapped: 15} (heavily wounded, fast)
The puff of flame hits Ijyb.
Ijyb appears unharmed.
Ijyb is heavily wounded.
This wand has 8 charges left.
Ijyb barely misses you.
Evoke which item? (* to show all) (? for menu, Esc to quit)
Aiming: Throw Flame
Press: ? - help, Shift-Dir - straight line, f/p - Ijyb
Aim: Ijyb, wielding an enchanted club, wearing a ring mail and carrying a wand of flame (?/48) {zapped: 15} (heavily wounded, fast)
The puff of flame hits Ijyb.
Ijyb is almost dead.
This wand has 7 charges left.
Ijyb zaps a wand.
The puff of flame hits you!
You die...

#.#.#.### #.# #.##....# #.#
#.#####.# #.# #.# #.# #.#
#.# #.# #.# #.# #.#
#.####### #.# #.# #.##.....
#.# #.####### #.##<..##
#.#####...g@..######........
#.........###...............
#########...................
######.#####.##...## ###
#........ #########


You could see Ijyb.

Vanquished Creatures
  Jessica (D:2)
  Natasha (thrice) (D:2)
  4 adders (D:2)
  An ooze (D:2)
  A worm (D:2)
  A dart slug (D:1)
  A leopard gecko (D:2)
  7 bats
  4 giant cockroaches
  5 goblins
  3 hobgoblins
  8 kobolds
  2 quokkas (D:2)
  4 frilled lizards
  8 rats
53 creatures vanquished.

Vanquished Creatures (others)
  4 toadstools (D:1)
4 creatures vanquished.

Grand Total: 57 creatures vanquished

Notes
Turn   | Place    | Note
-------+----------+-------------------------------------------
     0 | D:1      | Blomdor the Barachi Artificer began the quest for the Orb.
     0 | D:1      | Reached XP level 1. HP: 15/15 MP: 3/3
    30 | D:1      | Reached skill level 1 in Armour
   350 | D:1      | Reached XP level 2. HP: 20/21 MP: 4/4
  1006 | D:2      | Reached skill level 1 in Axes
  1006 | D:2      | Reached XP level 3. HP: 27/27 MP: 5/5
  1194 | D:2      | Noticed Jessica
  1200 | D:2      | Killed Jessica
  1200 | D:2      | Reached skill level 2 in Axes
  1209 | D:2      | Reached XP level 4. HP: 28/33 MP: 6/6
  1276 | D:2      | Reached skill level 3 in Axes
  1334 | D:2      | Noticed Natasha
  1346 | D:2      | Killed Natasha
  1464 | D:2      | Noticed Natasha
  1650 | D:2      | Reached skill level 4 in Axes
  1650 | D:2      | Reached XP level 5. HP: 15/38 MP: 7/7
  1756 | D:2      | Gained mutation: You are resistant to electric shocks. (rElec) [potion of mutation]
  1756 | D:2      | Gained mutation: You are somewhat resistant to further mutation. [potion of mutation]
  2020 | D:2      | Killed Natasha
  2065 | D:2      | Noticed Natasha
  2067 | D:2      | Killed Natasha
  2734 | D:3      | Noticed Ijyb
  2799 | D:3      | Killed from afar by Ijyb

Vault maps used:
D:1:      ldierk_water_garden, minivault_27
D:2:      first_bread, uniq_jessica, uniq_natasha
D:3:      chequers_ecumenical_altar_simple_redux, uniq_ijyb, uniq_robin

Skill      XL: |  1  2  3  4 |
---------------+-------------+-----
Armour         | 1 2 |  2.3
Fighting       | 2 |  2.4
Axes           | 1 2 4 |  4.6
Short Blades   | |  1.1
Dodging        | |  2.1
Stealth        | |  0.8
Shields        | |  0.7
Evocations     | |  3.2

Action                   |  1- 3 |  4- 6 || total
-------------------------+-------+-------++-------
Melee: Short sword       |    73 |       ||    73
       Hand axe          |    55 |   131 ||   186
 Abil: Hop               |       |     1 ||     1
Evoke: Wand              |       |    10 ||    10
  Use: Potion            |       |     5 ||     5
       Scroll            |       |     5 ||     5
 Stab: Sleeping          |     1 |       ||     1
  Eat: Chunk             |     1 |     6 ||     7
Armor: Leather armour    |    57 |    22 ||    79
       Skin              |       |    27 ||    27
Dodge: Dodged            |   109 |    70 ||   179

Table legend:
 A = Spawn XP
 B = Non-spawn XP
 C = Spawn XP percentage of total XP
 D = Spawn monster count
 E = Non-spawn monster count
 F = Spawn count percentage of total count
 G = Total turns spent on level
                    A         B        C        D         E        F      G
               +---------+---------+-------+---------+---------+-------+---------
         Total |      53 |     222 |  19.3 |      10 |      43 |  18.9 |  2799
               +---------+---------+-------+---------+---------+-------+---------
           D:1 |       2 |      31 |   6.1 |       2 |      21 |   8.7 |  1213
           D:2 |      51 |     190 |  21.2 |       8 |      21 |  27.6 |  1410
           D:3 |       0 |       1 |   0.0 |       0 |       1 |   0.0 |   176
               +---------+---------+-------+---------+---------+-------+---------
